 Dungeon Crawl Stone Soup version 0.21.0-3-g78d12a8 (webtiles) character file.

105 Megalobster the Sneak (level 4, -1/21 HPs)
             Began as a Spriggan Enchanter on Jan 13, 2018.
             Slain by a vampire bat (2 damage)
             ... on level 2 of the Dungeon.
             The game lasted 00:05:09 (2443 turns).

Megalobster the Sneak (Spriggan Enchanter)          Turns: 2443, Time: 00:05:11

Health: -1/21      AC:  2    Str:  4    XL:     4   Next: 53%
Magic:  0/10       EV: 19    Int: 17    God:
Gold:   83         SH:  0    Dex: 16    Spells: 4/10 levels left

rFire    . . .     SeeInvis +   a - +1 dagger
rCold    . . .     Gourm    .   (shield restricted)
rNeg     . . .     Faith    .   b - +0 robe
rPois    .         Spirit   .   (helmet restricted)
rElec    .         Reflect  .   (no cloak)
rCorr    .         Harm     .   (gloves unavailable)
MR       .....                  (boots unavailable)
Stlth    +++.......             (no amulet)
HPRegen  0.07/turn              (no ring)
MPRegen  0.12/turn              (no ring)

@: very slightly contaminated, very quick
A: very small, unfitting armour, see invisible, herbivore, speed 3, slow
metabolism 2
a: no special abilities


You were on level 2 of the Dungeon.
You were not hungry.

You visited 1 branch of the dungeon, and saw 2 of its levels.

You collected 83 gold pieces.

Inventory:

Hand Weapons
 a - a +1 dagger (weapon)
Armour
 b - a +0 robe (worn)
Jewellery
 m - an uncursed ring of ice
Wands
 n - a wand of random effects (31)
Scrolls
 e - a scroll of random uselessness {unknown}
 f - 3 scrolls of remove curse {unknown}
 g - a scroll of magic mapping {unknown}
 h - a scroll of identify {unknown}
 j - a scroll of amnesia {unknown}
 o - a scroll of teleportation {unknown}
Potions
 i - 4 potions of ambrosia {unknown}
 k - a potion of berserk rage {unknown}
 l - a potion of heal wounds {unknown}
Books
 c - a book of Maledictions

   Spells                             Type                      Level
   a - Corona                         Hexes                        1
   b - Ensorcelled Hibernation        Hexes/Ice                    2
   c - Confuse                        Hexes                        3
   d - Tukima's Dance                 Hexes                        3
   e - Dazzling Spray                 Conjuration/Hexes            3
Comestibles
 d - 5 rations


   Skills:
 - Level 1.1 Short Blades
 + Level 4.0 Dodging
 * Level 5.8 Stealth
 + Level 3.5 Spellcasting
 * Level 4.7 Hexes


You had 4 spell levels left.
You knew the following spells:

 Your Spells              Type           Power        Failure   Level  Hunger
a - Corona                Hex            ###....      2%          1    None
b - Ensorcelled Hibernat  Hex/Ice        ##....       10%         2    ##.....
c - Confuse               Hex            ###.....     7%          3    ###....


Dungeon Overview and Level Annotations

Branches:
Dungeon (2/15)

Altars:
Kikubaaqudgha


Innate Abilities, Weirdness & Mutations

You are very small and have problems with some larger weapons.
You are too small for most types of armour.
You have supernaturally acute eyesight. (SInv)
You are a herbivore.
You cover ground extremely quickly.
You need consume almost no food.


Message History

You take 2 damage, and have 2/21 hp.
You closely miss the vampire bat.
The vampire bat is lightly damaged.
The vampire bat bites you.
* * * LOW HITPOINT WARNING * * *
The vampire bat draws strength from your injuries!
You take 1 damage, and have 1/21 hp.
Casting: Confuse
Confirm with . or Enter, or press ? or * to list all spells.
Aiming: Confuse
Press: ? - help, Shift-Dir - straight line, f/p - vampire bat
Aim: a vampire bat (chance to defeat MR: 58%)
You miscast Confuse.
You are very lightly contaminated with residual magic.
You hear an indistinct dissonance whispering inside your mind.
The vampire bat barely misses you.
You now have 0/10 mp.
The vampire bat closely misses you. The vampire bat bites you.
You die...

.#.....+ #.# #.
##'##### .# #. .#.# #.
#.## ################.
### #...........(.##)
#.###########.##. #.#
###.##. ####### #......
##.#@#.###### #.#.###
##.⌠b#.⌠.#...###.#÷# #
##.#.#.#.#.#.#.##.#.# #
#...#.⌠.#.⌠.#.⌠.#.#.###
#⌠.⌠.#.#.#.#.#..'.#.)..
#._...#.⌠.#.⌠.#.'...###
#⌠.⌠.#.#.#.#.#..'...#
#...#$⌠.#.⌠.#.⌠.#...#
##.#.#.#.#.#.#.##...#


You could see a vampire bat.

Vanquished Creatures
  A vampire bat (D:2)
  2 adders (D:2)
  A worm (D:2)
  6 bats
  A bat skeleton (D:2)
  3 bat zombies (D:2)
  4 giant cockroaches (D:1)
  8 goblins
  4 hobgoblins
  A ball python (D:2)
  3 frilled lizards (D:1)
  2 kobolds
  8 rats
44 creatures vanquished.

Notes
Turn   | Place    | Note
-------+----------+-------------------------------------------
     0 | D:1      | Megalobster the Spriggan Enchanter began the quest for the Orb.
     0 | D:1      | Reached XP level 1. HP: 9/9 MP: 5/5
     2 | D:1      | Noticed an electric eel
   755 | D:1      | Reached XP level 2. HP: 13/13 MP: 6/6
   767 | D:1      | Learned a level 2 spell: Ensorcelled Hibernation
  1276 | D:1      | Reached skill level 5 in Stealth
  1712 | D:1      | Reached XP level 3. HP: 16/16 MP: 8/8
  2226 | D:2      | Learned a level 3 spell: Confuse
  2413 | D:2      | Found an ancient bone altar of Kikubaaqudgha.
  2431 | D:2      | Reached XP level 4. HP: 12/21 MP: 5/10
  2440 | D:2      | HP: 1/21 [vampire bat (1)]
  2443 | D:2      | Slain by a vampire bat

Skill      XL: |  1  2  3 |
---------------+----------+-----
Hexes          | 4 |  4.7
Spellcasting   | 3 |  3.5
Stealth        | 5 |  5.8
Dodging        | 4 |  4.0
Short Blades   | |  1.1

Action                   |  1- 3 |  4- 6 || total
-------------------------+-------+-------++-------
Melee: Dagger            |   189 |     5 ||   194
 Cast: Ensorcelled Hiber |     8 |       ||     8
       Confuse           |     1 |     1 ||     2
 Stab: Sleeping          |    18 |       ||    18
       Confused          |     1 |       ||     1
Armor: Robe              |    29 |     1 ||    30
Dodge: Dodged            |   200 |     6 ||   206
